 Dungeon Crawl Stone Soup version 0.29.1-2-gbd0b4ee654 (webtiles) character file.

Game seed: 17088540177131177846

12520 leafyfresh the Nimble (level 12, -19/84 HPs)
             Began as a Djinni Ice Elementalist on Nov 26, 2022.
             Was a High Priest of Ashenzari.
             Demolished by a boulder beetle (28 damage)
             ... on level 2 of the Lair of Beasts.
             The game lasted 00:35:18 (18360 turns).

leafyfresh the Nimble (Djinni Ice Elementalist)    Turns: 18360, Time: 00:35:18

Health: -19/84     AC:  5    Str:  7    XL:     12   Next: 21%
Gold:   462        EV: 18    Int: 20    God:    Ashenzari [*****.] SH: 12 Dex: 16

rFire   + . .      SeeInvis +   C - +5 flail of the Celestial Seer {protect, Self, Evo} (curse)
rCold   . . .      Faith    .   A - +0 buckler of the Shackled Optimism {Fort, Self} (curse)
rNeg    . . .      Spirit   .   c - +0 steam dragon scales of the Unveiling Empyrean {Fort, Range} (curse)
rPois   ∞          Reflect  +   b - +1 helmet "Chained Foul Odours" {Fort, Melee} (curse)
rElec   .          Harm     .   (no cloak)
rCorr   .          Rampage  .   e - +0 pair of gloves of the Sublime Regret {Melee, Evo} (curse)
Will    +....      Clarity  +   (boots unavailable)
Stlth   ++........              j - amulet of Ashenzari's Sybil {Reflect SH+5, Melee, Fort} (curse)
HPRegen 0.24/turn               q - ring of Ashenzari's Stars {Ice, Evo, Fort} (curse)
MPRegen 0.00/turn               (no ring)

@: flying, unable to drink
A: sickness immunity, fire resistance 2, cold vulnerability 1, float, innate
caster, HP casting, extra vitality 1, deformed body, frail 1, inability to drink
after injury 1
a: Renounce Religion, Curse Item, Shatter the Chains


You were on level 2 of the Lair of Beasts.
You worshipped Ashenzari.
Ashenzari was extremely pleased with you.
You visited 2 branches of the dungeon, and saw 11 of its levels.

You collected 462 gold pieces.

Inventory:

Hand Weapons
 C - the cursed +5 flail of the Celestial Seer (weapon) {protect, Self, Evo}
   (You found it on level 5 of the Dungeon)

   It grants its wielder temporary protection when it strikes (+7 to AC).
   It has a curse which improves the following skills: Introspection: Fighting
   and Spellcasting.
   Evocations: Evocations.
Missiles
 n - 12 poisoned darts
 y - 8 boomerangs
Armour
 a - a +0 robe
 b - the cursed +1 helmet "Chained Foul Odours" (worn) {Fort, Melee}
   (You found it on level 1 of the Dungeon)

   It has a curse which improves the following skills: Fortitude: Armour and
   Shields.
   Melee Combat: Short Blades, Long Blades, Axes, Maces & Flails, Polearms,
   Staves and Unarmed Combat.
 c - the cursed +0 steam dragon scales of the Unveiling Empyrean (worn) {Fort, Range}
   (You found it on level 6 of the Dungeon)

   It has a curse which improves the following skills: Fortitude: Armour and
   Shields.
   Ranged Combat: Ranged Weapons and Throwing.
 e - the cursed +0 pair of gloves of the Sublime Regret (worn) {Melee, Evo}
   (You found it on level 1 of the Dungeon)

   It has a curse which improves the following skills: Melee Combat: Short
   Blades, Long Blades, Axes, Maces & Flails, Polearms, Staves and Unarmed
   Combat.
   Evocations: Evocations.
 A - the cursed +0 buckler of the Shackled Optimism (worn) {Fort, Self}
   (You found it on level 5 of the Dungeon)

   It has a curse which improves the following skills: Fortitude: Armour and
   Shields.
   Introspection: Fighting and Spellcasting.
 F - a +4 ring mail
 H - a +0 robe of willpower
Magical Staves
 D - a staff of death
Jewellery
 j - the cursed amulet of Ashenzari's Sybil (around neck) {Reflect SH+5, Melee, Fort}
   (You found it on level 8 of the Dungeon)

   [amulet of reflection]

   It reflects blocked missile attacks.
   SH:        It affects your SH (+5).
   It has a curse which improves the following skills: Melee Combat: Short
   Blades, Long Blades, Axes, Maces & Flails, Polearms, Staves and Unarmed
   Combat.
   Fortitude: Armour and Shields.
 q - the cursed ring of Ashenzari's Stars (left hand) {Ice, Evo, Fort}
   (You found it on level 5 of the Dungeon)

   [ring of ice]

   It enhances your ice magic.
   rF:        It makes you vulnerable to fire.
   rC:        It protects you from cold.
   It has a curse which improves the following skills: Evocations: Evocations.
   Fortitude: Armour and Shields.
Wands
 h - a wand of paralysis (13)
 t - a wand of flame (22)
 v - a wand of roots (24)
 x - a wand of polymorph (11)
 B - a wand of acid (7)
Scrolls
 d - 3 scrolls of teleportation
 f - a scroll of fog
 k - 2 scrolls of torment
 l - 3 scrolls of magic mapping
 m - 3 scrolls of enchant weapon
 p - a scroll of poison
 w - a scroll of amnesia
Potions
 g - a potion of attraction
 i - 2 potions of haste
 o - a potion of lignification
 r - 2 potions of degeneration
 s - 2 potions of curing
 u - 2 potions of berserk rage
 z - a potion of brilliance
 E - a potion of invisibility (quivered)
Miscellaneous
 G - a tin of tremorstones (1/2)


   Skills:
 + Level 8.0(11.5) Fighting
 + Level 12.1 Dodging
 - Level 1.5 Stealth
 - Level 4.9(10.7) Shields
 + Level 9.9(13.4) Spellcasting


You had 14 spell levels left.
You knew the following spells:

 Your Spells              Type           Power      Damage    Failure   Level
a - Freeze                Ice            100%       1d11      1%          1
b - Frozen Ramparts       Ice            100%       1d16      1%          3
c - Ozocubu's Armour      Ice            79%        N/A       1%          3
d - Hailstorm             Conj/Ice       79%        3d16      1%          4
e - Shock                 Conj/Air       100%       1d9       1%          1
f - Blink                 Tloc           100%       N/A       1%          2
g - Wereblood             Tmut           61%        N/A       1%          2
h - Tukima's Dance        Hex            61%        N/A       1%          3
i - Animate Dead          Necr           61%        N/A       1%          4
Your spell library was empty.

Dungeon Overview and Level Annotations

Branches:
Dungeon (9/15)             Temple (0/1) D:4            Lair (2/5) D:9
  Snake (0/4) Lair:2
  Swamp: Lair:2-3    Shoals: Lair:2-3       Orc: D:9-12

Altars:
Ashenzari
Cheibriados
Dithmenos
Elyvilon
Fedhas
Gozag
Makhleb
Nemelex Xobeh
Ru
Uskayaw
Yredelemnul

Shops:
D:3 [   D:8 *

Portals:
Abyss: Lair:1

Annotations:
D:5 3 runed translucent doors, NinjaNoafa's ghost, novice HOFi
Lair:1 2 transporters, gdog's ghost, journeyman GnDe


Innate Abilities, Weirdness & Mutations

You are immune to sickness and miasma.
You are immune to poison.
Your flesh is very heat resistant. (rF++)
You are vulnerable to cold. (rC-)
You float through the air rather than walking.
You learn spells naturally, not from books.
Your magical power is your life essence.
You have superior vitality. (+4 MHP)
Armour fits poorly on your strangely shaped body.
You are frail. (-10% HP)
You occasionally lose the ability to drink potions when taking damage.


Message History

Aiming: Shock (safe; 1% risk of failure)
Press: ? - help, Shift-Dir - straight line, f/p - boulder beetle
Aim: a boulder beetle (severely wounded, 100% to hit)
The zap hits the boulder beetle.
The boulder beetle is severely wounded.
* * * LOW HITPOINT WARNING * * *
The boulder beetle curls into a ball and begins rolling!
Unknown command.
Casting: Shock (safe; 1% risk of failure)
Confirm with . or Enter, or press ? or * to list all spells.
Aiming: Shock (safe; 1% risk of failure)
Press: ? - help, Shift-Dir - straight line, f/p - boulder beetle
Aim: a boulder beetle (severely wounded, rolling, 100% to hit)
The zap hits the boulder beetle but does no damage.
The boulder beetle is severely wounded.
* * * LOW HITPOINT WARNING * * *
Unknown command.
Casting: Shock (safe; 1% risk of failure)
Confirm with . or Enter, or press ? or * to list all spells.
Aiming: Shock (safe; 1% risk of failure)
Press: ? - help, Shift-Dir - straight line, f/p - boulder beetle
Aim: a boulder beetle (severely wounded, rolling, 100% to hit)
The zap hits the boulder beetle but does no damage.
The boulder beetle is severely wounded.
* * * LOW HITPOINT WARNING * * *
Unknown command.
Casting: Shock (safe; 1% risk of failure)
Confirm with . or Enter, or press ? or * to list all spells.
Okay, then.
Casting: Shock (safe; 1% risk of failure)
Confirm with . or Enter, or press ? or * to list all spells.
Okay, then.
Casting: Shock (safe; 1% risk of failure)
Confirm with . or Enter, or press ? or * to list all spells.
Your icy armour will break if you move.
Continue?
You blink.
Your icy armour cracks and falls away as you move.
* * * LOW HITPOINT WARNING * * *
The boulder beetle hits you!!
You die...

#...#.#..P###..,,∆ *#######.....
##.....#..P#..............#P.....
##...............................
.................................
.................................
..(..............................
........................#........
.............................#...
............°...@............#..#
.............°.B.†.............##
##............○.......##.....P##
##.)...###....§#####...,, ,
#.##...#.....##.# *,.. ,, * *
##*####....$##..S * ,# *
*#......#.##* * #......... , ,,
##.......{.,, *,


You could see a boulder beetle (rolling).

Vanquished Creatures
  3 hydras
  2 two-headed ogres
  Pikel (D:6)
  A black mamba (Lair:2)
  2 cane toads (Lair:1)
  2 komodo dragons
  Maggie (D:6)
  Grinder (D:3)
  2 wyverns
  8 yaks
  2 basilisks
  2 steam dragons
  Edmund (D:6)
  5 nagas (Lair:2)
  9 water moccasins
  An ice beast (D:6)
  An orc warrior (D:8)
  7 black bears
  A centaur (D:6)
  3 lemures (D:6)
  Blork the orc (D:6)
  12 bullfrogs
  A scorpion (D:4)
  10 wights
  3 killer bees (D:9)
  5 electric eels (D:8)
  3 howler monkeys
  A jelly (D:6)
  2 orc priests (D:7)
  A gnoll bouda (D:5)
  A hound (D:6)
  An iron imp (D:3)
  Natasha (twice) (D:3)
  9 orc wizards
  5 hell rats (Lair:1)
  Ijyb (D:2)
  7 gnolls
  11 adders
  A shadow imp (D:7)
  A white imp (D:6)
  2 ufetubi
  A worm (D:4)
  3 dart slugs (D:1)
  30 orcs
  6 ball pythons
  7 bats
  4 endoplasms
  3 giant cockroaches
  13 goblins
  10 hobgoblins
  10 kobolds
  5 quokkas
  3 frilled lizards
  10 rats
240 creatures vanquished.

Vanquished Creatures (others)
  50 fungi
  59 plants
109 creatures vanquished.

Grand Total: 349 creatures vanquished

Notes
Turn   | Place    | Note
-------+----------+-------------------------------------------
     0 | D:1      | leafyfresh the Djinni Ice Elementalist began the quest for
                  | the Orb.
     0 | D:1      | leafyfresh set off with the following spells memorised:
                  | Freeze, Frozen Ramparts, Ozocubu's Armour, Hailstorm.
     0 | D:1      | Reached XP level 1. HP: 15/15 MP: 0/0
   182 | D:1      | Reached XP level 2. HP: 16/21 MP: 0/0
   543 | D:1      | Reached skill level 3 in Dodging
   543 | D:1      | Reached XP level 3. HP: 23/25 MP: 0/0
   543 | D:1      | Learned a level 1 spell: Shock
   796 | D:1      | Found a faded altar of an unknown god.
  1016 | D:2      | Reached XP level 4. HP: 15/31 MP: 0/0
  1499 | D:2      | Reached skill level 4 in Dodging
  1499 | D:2      | Reached XP level 5. HP: 35/35 MP: 0/0
  1499 | D:2      | Learned a level 2 spell: Blink
  1618 | D:2      | Noticed Ijyb
  1816 | D:2      | Killed Ijyb
  2328 | D:3      | Noticed Grinder
  2329 | D:3      | Paralysed by Grinder for 5 turns
  2368 | D:3      | Killed Grinder
  2369 | D:3      | Reached skill level 5 in Dodging
  2369 | D:3      | Reached XP level 6. HP: 2/40 MP: 0/0
  2816 | D:3      | Found Cafan's Antique Armour Shop.
  2961 | D:3      | Found a hide-covered altar of Uskayaw.
  3023 | D:3      | Found a broken altar of Ashenzari.
  3148 | D:3      | Found a snail-covered altar of Cheibriados.
  3180 | D:3      | Reached XP level 7. HP: 45/45 MP: 0/0
  3180 | D:3      | Learned a level 2 spell: Wereblood
  3206 | D:3      | Found a shadowy altar of Dithmenos.
  3207 | D:3      | Noticed Natasha
  3219 | D:3      | Killed Natasha
  3247 | D:3      | Noticed Natasha
  3256 | D:3      | Killed Natasha
  3257 | D:3      | Reached skill level 5 in Spellcasting
  3598 | D:3      | Became a worshipper of Ashenzari the Shackled
  3972 | D:4      | Reached skill level 6 in Dodging
  4198 | D:4      | Found a staircase to the Ecumenical Temple.
  5413 | D:5      | Entered Level 5 of the Dungeon
  5437 | D:5      | Reached XP level 8. HP: 38/50 MP: 0/0
  5569 | D:5      | Found a runed translucent gate.
  5569 | D:5      | Found a runed translucent gate.
  5569 | D:5      | Found a runed translucent gate.
  5570 | D:5      | Found an opulent altar of Gozag.
  5602 | D:5      | Reached skill level 7 in Dodging
  5688 | D:5      | Found a basalt altar of Yredelemnul.
  5688 | D:5      | Found a white marble altar of Elyvilon.
  6398 | D:5      | Noticed NinjaNoafa's ghost (novice HOFi)
  6399 | D:5      | Noticed a yak
  6495 | D:5      | Found a sacrificial altar of Ru.
  6875 | D:6      | Noticed Maggie
  6884 | D:6      | Killed Maggie
  6885 | D:6      | Reached skill level 8 in Dodging
  6886 | D:6      | Noticed Edmund
  7409 | D:6      | Killed Edmund
  7431 | D:6      | Reached XP level 9. HP: 42/55 MP: 0/0
  7431 | D:6      | Learned a level 3 spell: Tukima's Dance
  7598 | D:6      | Identified the cursed +0 pair of gloves of the Sublime
                  | Regret {Melee, Evo} (You found it on level 1 of the
                  | Dungeon)
  7599 | D:6      | Reached * piety under Ashenzari
  7870 | D:6      | Reached skill level 1 in Shields
  8355 | D:6      | Found a burning altar of Makhleb.
  8383 | D:6      | Noticed Pikel
  8385 | D:6      | Noticed Blork the orc
  8395 | D:6      | Killed Pikel
  8396 | D:6      | Killed Blork the orc
  9108 | D:6      | Gained mutation: Your spells are a little harder to cast,
                  | but a little more powerful. [potion of mutation]
  9108 | D:6      | Gained mutation: Your body sometimes deteriorates upon
                  | taking damage. [potion of mutation]
  9108 | D:6      | Gained mutation: You occasionally lose the ability to read
                  | scrolls when taking damage. [potion of mutation]
  9109 | D:6      | Lost mutation: Your spells are a little harder to cast, but
                  | a little more powerful. [potion of mutation]
  9109 | D:6      | Lost mutation: Your body sometimes deteriorates upon taking
                  | damage. [potion of mutation]
  9109 | D:6      | Lost mutation: You occasionally lose the ability to read
                  | scrolls when taking damage. [potion of mutation]
  9109 | D:6      | Gained mutation: You are frail. (-10% HP) [potion of
                  | mutation]
  9109 | D:6      | Gained mutation: You have hidden genetic defects. [potion
                  | of mutation]
  9138 | D:6      | Reached ** piety under Ashenzari
  9669 | D:7      | Gained mutation: You occasionally lose the ability to drink
                  | potions when taking damage. [hidden defects]
 10025 | D:7      | Reached skill level 1 in Fighting
 10422 | D:7      | Reached *** piety under Ashenzari
 10626 | D:8      | Noticed a two-headed ogre
 10996 | D:8      | Killed a two-headed ogre
 10997 | D:8      | Reached skill level 9 in Dodging
 10997 | D:8      | Reached XP level 10. HP: 37/61 MP: 0/0
 11009 | D:8      | Gained mutation: Armour fits poorly on your strangely
                  | shaped body. [hidden defects]
 11009 | D:8      | Lost mutation: You have hidden genetic defects. [hidden
                  | defects expressed]
 11642 | D:8      | Found a blossoming altar of Fedhas.
 12234 | D:8      | Found a sparkling altar of Nemelex Xobeh.
 13344 | D:8      | Found Tikkaluo's Serpentskin Sales.
 13617 | D:8      | Reached **** piety under Ashenzari
 14215 | D:9      | Reached skill level 10 in Dodging
 14296 | D:9      | Reached skill level 5 in Fighting
 14299 | D:9      | Reached XP level 11. HP: 36/71 MP: 0/0
 14299 | D:9      | Learned a level 4 spell: Animate Dead
 14543 | D:9      | Reached ***** piety under Ashenzari
 14770 | D:9      | Found a staircase to the Lair.
 14772 | D:9      | Noticed a two-headed ogre
 14780 | D:9      | Killed a two-headed ogre
 15278 | Lair:1   | Entered Level 1 of the Lair of Beasts
 15586 | Lair:1   | Found a transporter.
 15592 | Lair:1   | Noticed a green ugly thing
 15592 | Lair:1   | Noticed a thrashing horror
 15593 | Lair:1   | Noticed a spriggan rider
 15596 | Lair:1   | Noticed a purple ugly thing
 15596 | Lair:1   | Noticed a cyan ugly thing
 15597 | Lair:1   | Found a transporter.
 15597 | Lair:1   | Noticed gdog's ghost (journeyman GnDe)
 15609 | Lair:1   | Noticed a worldbinder
 15626 | Lair:1   | Noticed a six-headed hydra
 15641 | Lair:1   | Reached skill level 11 in Dodging
 16144 | Lair:1   | Found a one-way gate to the infinite horrors of the Abyss.
 17371 | Lair:1   | Killed a six-headed hydra
 17518 | Lair:2   | Noticed a four-headed hydra
 17522 | Lair:2   | Found a staircase to the Snake Pit.
 17919 | Lair:2   | Noticed a four-headed hydra
 17933 | Lair:2   | Killed a four-headed hydra
 17934 | Lair:2   | Reached XP level 12. HP: 31/84 MP: 0/0
 17958 | Lair:2   | Killed a four-headed hydra
 18017 | Lair:2   | Reached skill level 12 in Dodging
 18339 | Lair:2   | Noticed a boulder beetle
 18360 | Lair:2   | Demolished by a boulder beetle

Illustrated notes

Levels and vault maps discovered:
D:1:      erik_arrival_triangle_small, layout_loops_ring,
          hellmonk_ecumenical_altar_pennies_from_heaven, minmay_close_crescents
D:2:      kennysheep_the_goblin_king, layout_basic
D:3:      layout_rooms, vehumet_crystals, mainiacjoe_overflow_paths,
          chei_slow_surprise, nicolae_dithmenos_through_a_glass_darkly,
          eat_drink_and_be_merry_uskayaw, serial_shops, nicolae_shop_waterfront,
          uniq_grinder, uniq_natasha
D:4:      layout_basic, minmay_temple_entry_grid
D:5:      layout_basic, chequers_temple_overflow_statue_of_worship,
          ebering_ghost_gozag, roderic_roman_lattice,
          nicolae_concentric_dashed_squares_mild, minmay_door_square
D:6:      layout_loops_corners, overflow_temple_1_default,
          mainiacjoe_overflow_alcove_4, uniq_edmund, uniq_pikel, uniq_maggie,
          uniq_blork_the_orc
D:7:      layout_basic, nicolae_figureground_pulse
D:8:      layout_cave_pools, fedhas_altar_3, nemelex_diamond_rough_becter,
          serial_bayou, serial_bayou_pond_a, serial_bayou_ford_a,
          serial_bayou_shore_b, serial_bayou_pond_c, guppyfry_shop_venom
D:9:      layout_basic, due_lair_maze_entry_diamond
Lair:1:   layout_regular_city, gammafunk_ghost_abyssal_escape, lemuel_fruit_tree
Lair:2:   layout_hall_layers, minmay_snake_entry_guardpost_medium,
          beast_lair_carwin_11

Skill      XL: |  1  2  3  4  5  6  7  8  9 10 11 12 |
---------------+-------------------------------------+-----
Dodging        | 3 4 5 6 8 9 10 11 12 | 12.1
Spellcasting   | 4 5 6 8 9 |  9.9
Shields        | 4 |  4.9
Fighting       | 2 5 7 8 |  8.0
Stealth        | |  1.5

Action                   |  1- 3 |  4- 6 |  7- 9 | 10-12 || total
-------------------------+-------+-------+-------+-------++-------
Melee: Unarmed           |     2 |       |       |       ||     2
       Dagger            |    50 |   108 |    59 |       ||   217
       Punch             |       |       |     2 |       ||     2
       Flail             |       |       |   151 |   172 ||   323
Throw: Dart              |       |       |     1 |       ||     1
 Cast: Freeze            |    13 |     1 |    10 |    17 ||    41
       Frozen Ramparts   |     1 |     9 |    31 |    27 ||    68
       Ozocubu's Armour  |       |     7 |    10 |    22 ||    39
       Shock             |       |     4 |    17 |    16 ||    37
       Hailstorm         |       |       |    10 |    33 ||    43
       Wereblood         |       |       |     1 |       ||     1
       Tukima's Dance    |       |       |     2 |     1 ||     3
       Blink             |       |       |       |     1 ||     1
Invok: Curse Item        |       |       |     4 |     3 ||     7
Evoke: Tin of tremorston |       |       |       |     1 ||     1
  Use: Scroll            |       |       |    14 |     3 ||    17
       Potion            |       |       |     5 |     1 ||     6
 Stab: Sleeping          |     3 |     6 |     4 |     1 ||    14
       Distracted        |       |       |     1 |     1 ||     2
Armor: Robe              |    15 |    34 |    23 |       ||    72
       Steam dragon scal |       |       |    34 |    63 ||    97
Dodge: Dodged            |    41 |    67 |   224 |   142 ||   474
Block: Buckler           |       |       |    35 |   138 ||   173
       Reflection        |       |       |       |     3 ||     3
